AoeStats
← Maty

Arena

510004364Analyzed
4v4 RM · 4d ago on Sep 29, 2026· 53m 9s· 8 players
Game mode
Random Map
Map size
Large (8 player)
Population
200
Speed
Normal
Resources
Standard
Victory
Conquest
Starting age
Dark Age
Ending age
Imperial Age
RankedLock teamsTeams togetherTeam positionsShared explorationLock speedFull tech treeHidden civsTurbo modeCheats
Victory
Defeat
🇨🇦 Khmer · Canada
1620
+7
🇨🇳 Varangians · China
1617
+7
🇭🇰 Japanese · Hong Kong SAR China
1530
+10
🇪🇨 Danes · Ecuador
1444
+14
🇺🇸 Varangians · United States
1426
-10
🇺🇸 Byzantines · United States
1403
-10
🇺🇸 Tupi · United States
1401
-9
🇨🇳 Magyars · China
1385
-9
Marlin
10:10 Feudal Age
14:15 Castle Age
12:16 Double-Bit Axe
13:04 Horse Collar
16:06 Bow Saw
21:20 Wheelbarrow
22:37 Gold Mining
22:38 Stone Mining
26:52 Imperial Age
24:36 Scale Mail Armor
24:47 Forging
24:33 Loom
25:36 Chain Mail Armor
26:22 Squires
27:09 Iron Casting
27:03 Elite Varangian Guard
27:16 Capped Ram
27:49 Pikeman
29:05 Plate Mail Armor
30:07 Gothikon
31:20 Gambesons
32:48 Ballistics
33:47 Chemistry
33:07 Hand Cart
33:26 Conscription
34:31 Blast Furnace
33:23 Fletching
33:33 Padded Archer Armor
33:41 Arson
35:28 Heavy Scorpion
36:42 Town Watch
36:34 Siege Ram
38:49 Bodkin Arrow
39:09 Leather Archer Armor
39:36 Bracer
39:48 Masonry
39:49 Fortified Wall
39:34 Elite Skirmisher
43:15 Ring Archer Armor
43:07 Man-at-Arms
46:26 Scale Barding Armor
46:52 Architecture
46:15 Heated Shot
48:07 Halberdier
53:18 Chain Barding Armor
53:57 Bloodlines
53:48 Husbandry
馬仔
12:17 Feudal Age
10:33 Loom
14:10 Double-Bit Axe
14:37 Stone Mining
17:42 Castle Age
15:29 Arson
15:47 Scale Mail Armor
16:16 Gold Mining
16:10 Horse Collar
17:33 Wheelbarrow
19:02 Squires
19:56 Chain Mail Armor
38:32 Elite Skirmisher
39:06 Fletching
43:36 Heavy Plow
43:51 Bow Saw
44:21 Gold Shaft Mining
44:46 Thumb Ring
45:20 Hand Cart
mRmaxime
10:07 Feudal Age
10:58 Loom
14:18 Castle Age
13:23 Double-Bit Axe
15:46 Bow Saw
18:26 Fletching
26:23 Horse Collar
27:28 Wheelbarrow
29:00 Gold Mining
32:27 Imperial Age
31:42 Masonry
33:37 Conscription
34:36 Scale Barding Armor
34:42 Forging
34:15 Pikeman
35:52 Chain Barding Armor
35:52 Hand Cart
36:38 Bloodlines
37:29 Iron Casting
37:11 Stone Mining
37:57 Gold Shaft Mining
37:45 Husbandry
38:22 Plate Barding Armor
38:16 Tusk Swords
40:09 Chemistry
40:21 Ballistics
40:00 Heavy Scorpion
41:32 Stone Shaft Mining
42:11 Siege Engineers
42:08 Double Crossbow
42:11 Light Cavalry
43:54 Blast Furnace
44:52 Coinage
44:02 Hussar
46:27 Architecture
45:55 Murder Holes
47:19 Scale Mail Armor
47:08 Arson
46:48 Halberdier
48:55 Elite Battle Elephant
49:53 Fortified Wall
49:34 Guard Tower
49:34 Heated Shot
50:04 Chain Mail Armor
51:50 Caravan
53:12 Hoardings
Maty
7:37 Loom
10:15 Feudal Age
14:05 Castle Age
12:25 Double-Bit Axe
12:29 Horse Collar
15:49 Bow Saw
21:38 Wheelbarrow
22:03 Heavy Plow
23:30 Gold Mining
23:31 Stone Mining
24:06 Hand Cart
26:30 Gold Shaft Mining
26:30 Stone Shaft Mining
26:06 Loom
26:07 Town Watch
29:24 Imperial Age
27:46 Scale Mail Armor
28:44 Chain Mail Armor
28:52 Forging
29:25 Squires
29:10 Gambesons
29:10 Hamask
30:37 Plate Mail Armor
30:43 Iron Casting
29:31 Elite Varangian Guard
29:32 Pikeman
30:30 Masonry
29:45 Capped Ram
32:21 Heated Shot
32:55 Ballistics
32:21 Halberdier
32:47 Siege Ram
35:35 Chemistry
35:00 Elite Jomsviking
36:05 Conscription
37:26 Blast Furnace
36:28 Padded Archer Armor
36:19 Fletching
36:27 Murder Holes
36:52 Arson
37:06 Bodkin Arrow
37:20 Siege Engineers
37:46 Heavy Scorpion
39:58 Hoardings
43:20 Northmen's Fury
43:24 Onager
44:40 Siege Onager
46:45 Coinage
johnnyboy
10:08 Feudal Age
13:49 Castle Age
13:03 Double-Bit Axe
13:51 Loom
16:44 Fletching
21:07 Bodkin Arrow
26:50 Ballistics
32:24 Horse Collar
34:01 Wheelbarrow
38:04 Imperial Age
35:52 Hand Cart
35:58 Heavy Plow
36:08 Bow Saw
35:49 Gold Mining
39:21 Conscription
39:15 Caciques
39:13 Scale Mail Armor
39:23 Forging
39:59 Squires
39:23 Champi Runner
40:22 Champi Warrior
41:50 Chain Mail Armor
42:11 Iron Casting
41:18 Elite Champi Warrior
43:23 Plate Mail Armor
44:39 Arson
50:14 Gold Shaft Mining
54:24 Two-Man Saw
Chase_The_Dragon
6:08 Loom
8:36 Feudal Age
9:28 Double-Bit Axe
11:26 Fletching
13:26 Horse Collar
16:07 Wheelbarrow
15:39 Stone Mining
24:09 Castle Age
24:23 Gold Mining
26:07 Hand Cart
26:59 Gold Shaft Mining
29:21 Imperial Age
28:40 Bodkin Arrow
30:29 Murder Holes
30:39 Bracer
34:58 Fortified Wall
45:21 Onager
frivolous spender
10:27 Feudal Age
14:00 Castle Age
14:54 Double-Bit Axe
15:06 Horse Collar
16:03 Bow Saw
21:22 Wheelbarrow
21:18 Heavy Plow
23:36 Gold Mining
23:40 Stone Mining
23:54 Gold Mining
24:39 Hand Cart
29:09 Imperial Age
27:53 Stone Shaft Mining
27:16 Loom
29:02 Scale Barding Armor
29:07 Forging
28:33 Vendel Legacy
30:15 Bloodlines
29:53 Cavalier
31:43 Chain Barding Armor
31:59 Iron Casting
34:45 Conscription
34:07 Elite Varangian Guard
36:21 Blast Furnace
35:22 Scale Mail Armor
35:51 Gothikon
39:09 Chain Mail Armor
39:31 Gambesons
45:19 Plate Mail Armor
木薯大王
10:02 Feudal Age
13:57 Castle Age
12:16 Double-Bit Axe
12:36 Horse Collar
15:20 Wheelbarrow
15:13 Bow Saw
19:19 Heavy Plow
21:50 Gold Mining
25:37 Gold Shaft Mining
28:13 Imperial Age
25:48 Treadmill Crane
28:45 Imperial Age
26:31 Hand Cart
27:23 Bloodlines
27:13 Husbandry
27:15 Fletching
27:26 Padded Archer Armor
28:07 Ballistics
27:30 Treadmill Crane
28:07 Bodkin Arrow
28:12 Padded Archer Armor
28:43 Ballistics
29:16 Leather Archer Armor
29:13 Thumb Ring
29:06 Loom
29:48 Conscription
29:55 Parthian Tactics
30:36 Two-Man Saw
30:41 Bracer
31:12 Ring Archer Armor
31:46 Chemistry
31:48 Corvinian Army
31:30 Heavy Cavalry Archer
32:39 Recurve Bow
32:57 Scale Barding Armor
32:50 Town Watch
32:53 Elite Magyar Huszar
35:21 Coinage
34:54 Stone Mining
36:29 Chain Barding Armor
38:38 Plate Barding Armor
38:47 Banking
40:40 Masonry
42:01 Murder Holes
47:12 Capped Ram
Connection lost

Rejoining the realm…

Still unreachable

The connection could not be restored.

Session expired

The server has moved on; the page needs a fresh start.